 Dungeon Crawl Stone Soup version 0.20.1-1-g8b1a95d (webtiles) character file.

36960 Gitz the Severer (level 13, 0/102 HPs)
             Began as a Minotaur Berserker on Aug 1, 2017.
             Was a High Priest of Trog.
             Slain by an 11-headed hydra (5 damage)
             ... on level 14 of the Dungeon on Aug 2, 2017.
             The game lasted 01:31:10 (19313 turns).

Gitz the Severer (Minotaur Berserker)              Turns: 19313, Time: 01:31:11

Health: 0/102      AC: 19    Str: 25    XL:     13   Next: 55%
Magic:  12/12      EV: 14    Int:  4    God:    Trog [*****.]
Gold:   934        SH:  0    Dex: 12    Spells: 12/12 levels left

rFire    + . .     SeeInvis .   R - +4 executioner's axe (vamp)
rCold    . . .     Gourm    .   (shield currently unavailable)
rNeg     + . .     Faith    +   o - +3 chain mail {MR+}
rPois    .         Spirit   .   (helmet restricted)
rElec    .         Reflect  .   (no cloak)
rCorr    .         Harm     .   T - +0 pair of gloves
MR       +....                  N - +0 pair of boots
Stlth    ..........             v - amulet of faith
Regen    0.3/turn               i - ring of protection from fire
MPRegen  0.2/turn               H - ring of positive energy

@: no status effects
A: retaliatory headbutt, horns 2
a: Berserk, Trog's Hand, Brothers in Arms, Burn Spellbooks, Renounce Religion


You were on level 14 of the Dungeon.
You worshipped Trog.
Trog was extremely pleased with you.
You were not hungry.

You visited 1 branch of the dungeon, and saw 14 of its levels.
You also visited: Bailey.

You collected 1011 gold pieces.
You spent 77 gold pieces at shops.

Inventory:

Hand Weapons
 P - a +4 executioner's axe of chopping
 R - a +4 vampiric executioner's axe (weapon)
Armour
 o - a +3 chain mail of magic resistance (worn)
 N - a +0 pair of boots (worn)
 T - a +0 pair of gloves (worn)
Jewellery
 i - a ring of protection from fire (left hand)
 v - an amulet of faith (around neck)
 H - a ring of positive energy (right hand)
 J - an uncursed ring of fire
Wands
 l - a wand of disintegration (7/24)
 m - a wand of polymorph (10/24)
 x - a wand of lightning (5/15)
 D - a wand of acid (6/15)
 I - a wand of random effects (11/48)
 Q - a wand of digging (10/24)
 Y - a wand of confusion (23/48)
Scrolls
 a - 12 scrolls of remove curse
 b - 6 scrolls of magic mapping
 d - a scroll of noise {unknown}
 f - a scroll of fear {unknown}
 g - 2 scrolls of enchant armour
 h - a scroll of vulnerability {unknown}
 j - 8 scrolls of teleportation
 u - a scroll of random uselessness {unknown}
 y - a scroll of amnesia {unknown}
 B - 2 scrolls of holy word {unknown}
 G - 2 scrolls of summoning
 M - a scroll of recharging {unknown}
 O - 2 scrolls of immolation
Potions
 e - a potion of cancellation {unknown}
 k - 5 potions of lignification
 p - 5 potions of magic
 q - 2 potions of mutation {unknown}
 r - 3 potions of curing {unknown}
 s - 4 potions of might
 t - a potion of haste
 w - 2 potions of degeneration {unknown}
 z - 4 potions of agility
 C - 3 potions of heal wounds
 S - a potion of flight
 U - 2 potions of resistance {unknown}
 X - a potion of brilliance {unknown}
Books
 A - a book of Geomancy

   Spells                             Type                      Level
   a - Sandblast                      Earth                        1
   b - Passwall                       Transmutation/Earth          2
   c - Stone Arrow                    Conjuration/Earth            3
   d - Petrify                        Transmutation/Earth          4
   e - Lee's Rapid Deconstruction     Earth                        5
   Trog disapproves of the use of such an item.
 F - a book of Unlife

   Spells                             Type                      Level
   a - Recall                         Summoning/Translocation      3
   b - Animate Dead                   Necromancy                   4
   c - Control Undead                 Necromancy                   4
   d - Cigotuvi's Embrace             Necromancy                   5
   e - Death Channel                  Necromancy                   6
   f - Simulacrum                     Ice/Necromancy               6
   Trog disapproves of the use of such an item.
 K - a book of Maledictions

   Spells                             Type                      Level
   a - Corona                         Hexes                        1
   b - Ensorcelled Hibernation        Hexes/Ice                    2
   c - Confuse                        Hexes                        3
   d - Tukima's Dance                 Hexes                        3
   e - Dazzling Spray                 Conjuration/Hexes            3
   Trog disapproves of the use of such an item.
 W - the Reference Book on Lightness and the Volcanoes
   (You found it on level 14 of the Dungeon)

   Spells                             Type                      Level
   a - Conjure Flame                  Conjuration/Fire             3
   b - Inner Flame                    Hexes/Fire                   3
   c - Sticky Flame                   Conjuration/Fire             4
   d - Deflect Missiles               Charms/Air                   6
   Trog disapproves of the use of such an item.
Miscellaneous
 L - a phantom mirror
Comestibles
 c - 11 bread rations
 n - 6 meat rations
 E - a royal jelly
 V - 4 fruits


   Skills:
 - Level 6.0 Fighting
 * Level 19.2(19.3) Axes
   Level 3.6(13.4) Maces & Flails
 - Level 0.2 Throwing
 + Level 14.1 Armour
 + Level 10.5 Dodging


You had 12 spell levels left.
You didn't know any spells.

Dungeon Overview and Level Annotations

Branches:
Dungeon (14/15)            Temple (0/1) D:5            Lair (0/6) D:8
    Orc (0/2) D:10         Vaults (0/5) D:13

Altars:
Fedhas
Kikubaaqudgha
Beogh

Shops:
D:9 %

Portals:
Trove: D:13 (give 8 potions of haste)


Innate Abilities, Weirdness & Mutations

You reflexively headbutt those who attack you in melee.
You have a pair of horns on your head.


Message History

The 11-headed hydra bites you. x3
* * * LOW HITPOINT WARNING * * *
The 11-headed hydra barely misses you.
The 11-headed hydra bites you but does no damage.
The 11-headed hydra misses you.
The 11-headed hydra bites you but does no damage.
The 11-headed hydra closely misses you.
There isn't anything here!
Your ogre goes berserk!
You feel somewhat more hungry. The 11-headed hydra bites you.
* * * LOW HITPOINT WARNING * * *
The 11-headed hydra bites you but does no damage.
The 11-headed hydra bites you!
* * * LOW HITPOINT WARNING * * *
The 11-headed hydra bites you but does no damage. x2
The 11-headed hydra closely misses you. The 11-headed hydra bites you!
* * * LOW HITPOINT WARNING * * *
The 11-headed hydra bites you but does no damage.
The 11-headed hydra bites you.
You die...

##### ...##
h.. #.# #.#
####D#
#..O@#
#.####
#.#.##
.####..#.##
.........#.#
..........##
#####..#.##
#.....##
#..#.#.#####


You could see a 11-headed hydra, a hound and a friendly ogre (berserk).

Vanquished Creatures
  Josephine (D:12)
  A rakshasa (D:14)
  A vault guard (D:13)
  2 centaur warriors
  7 two-headed ogres
  The ghost of Jeffwins the Spear-Bearer, a novice OgGl of Okawaru (D:7)
  4 unseen horrors
  A necromancer (D:13)
  3 ugly things
  A manticore (D:12)
  3 cyclopes
  2 deep elf magi
  2 centaur zombies (D:12)
  Maurice (D:8)
  2 gargoyles
  3 centaur skeletons
  4 trolls
  5 hippogriffs
  Sigmund (D:3)
  A shadow (D:11)
  3 yaks (D:10)
  The ghost of Jeffwins the Poker, an amateur OgGl (D:3)
  A spriggan (D:7)
  2 wyverns
  A vampire (D:13)
  A steam dragon (D:11)
  8 wraiths
  21 humans (D:13)
  Grum (D:10)
  A hungry ghost (D:11)
  5 vampire mosquitoes
  An acid dragon (D:14)
  3 water moccasins
  6 ice beasts
  4 sky beasts
  A black bear (D:7)
  15 orc warriors
  A necrophage (D:12)
  A phantom (D:4)
  2 wolves (D:10)
  9 centaurs
  9 ogres
  A crocodile (D:10)
  An elf zombie (D:12)
  2 big kobolds
  11 bullfrogs
  A gnoll sergeant (D:8)
  A wyvern zombie (D:10)
  6 scorpions
  A wyvern skeleton (D:9)
  14 wights
  3 howler monkeys
  6 crimson imps
  4 hounds
  2 jellies
  3 quasits
  Crazy Yiuf (D:5)
  3 bullfrog zombies
  5 human zombies (D:12)
  13 orc wizards
  7 orc priests
  2 bullfrog skeletons
  7 iguanas
  A human skeleton (D:12)
  12 worker ants
  A bullfrog simulacrum (D:11)
  A hound skeleton (D:7)
  2 mummies (D:12)
  3 worker ant zombies
  6 gnolls
  2 howler monkey skeletons
  11 adders
  3 shadow imps
  2 oozes
  2 adder skeletons
  A worm (D:3)
  4 dart slugs
  4 leopard geckos
  82 orcs
  3 ball pythons
  6 giant cockroaches
  9 goblins
  9 hobgoblins
  5 jackals
  7 bats
  3 frilled lizards
  A jackal zombie (D:6)
  13 kobolds
  A leopard gecko skeleton (D:4)
  An orc zombie (D:12)
  8 rats
440 creatures vanquished.

Vanquished Creatures (collateral kills)
  Nessos (D:12)
  Erolcha (D:12)
  A hydra (D:14)
  Erica (D:8)
  A wizard (D:13)
  An orc knight (D:12)
  A komodo dragon (D:8)
  A yaktaur (D:13)
  A wraith (D:12)
  2 orc warriors (D:12)
  2 bullfrogs
  A bullfrog zombie (D:8)
  A white imp (D:11)
  5 orcs
20 creatures vanquished.

Vanquished Creatures (others)
  A howler monkey (D:12)
  2 plants (D:8)
3 creatures vanquished.

Grand Total: 463 creatures vanquished

Notes
Turn   | Place    | Note
-------+----------+-------------------------------------------
     0 | D:1      | Gitz the Minotaur Berserker began the quest for the Orb.
     0 | D:1      | Reached XP level 1. HP: 19/19 MP: 0/0
   229 | D:1      | Reached XP level 2. HP: 25/27 MP: 1/1
   913 | D:1      | Reached XP level 3. HP: 35/35 MP: 2/2
  1009 | D:1      | Reached ** piety under Trog
  1256 | D:1      | Reached skill level 5 in Fighting
  2249 | D:3      | Noticed Jeffwins's ghost (amateur OgGl)
  2448 | D:3      | Killed Jeffwins's ghost
  2448 | D:3      | Reached skill level 2 in Axes
  2448 | D:3      | Reached XP level 4. HP: 39/44 MP: 3/3
  2448 | D:3      | Reached XP level 5. HP: 44/50 MP: 4/4
  3025 | D:3      | Noticed Sigmund
  3031 | D:3      | Killed Sigmund
  3031 | D:3      | Reached skill level 4 in Axes
  3031 | D:3      | Reached skill level 5 in Armour
  3031 | D:3      | Reached XP level 6. HP: 57/57 MP: 5/5
  3157 | D:3      | Reached XP level 7. HP: 59/63 MP: 6/6
  3190 | D:3      | You fall through a shaft!
  3202 | D:4      | Reached skill level 5 in Axes
  3797 | D:4      | Reached *** piety under Trog
  3856 | D:4      | Reached skill level 6 in Axes
  4289 | D:5      | Entered Level 5 of the Dungeon
  4300 | D:5      | Reached skill level 7 in Axes
  4463 | D:5      | Found a staircase to the Ecumenical Temple.
  4588 | D:5      | Reached XP level 8. HP: 70/70 MP: 7/7
  4834 | D:5      | Found a blossoming altar of Fedhas.
  4936 | D:5      | Found a runed door.
  5202 | D:5      | Noticed Crazy Yiuf
  5207 | D:5      | Killed Crazy Yiuf
  5207 | D:5      | Reached skill level 8 in Axes
  5730 | D:6      | Reached skill level 9 in Axes
  6303 | D:7      | Reached **** piety under Trog
  6380 | D:7      | Reached skill level 10 in Axes
  6392 | D:7      | Noticed Jeffwins's ghost (novice OgGl)
  6425 | D:7      | Killed Jeffwins's ghost
  6425 | D:7      | Reached skill level 11 in Axes
  6425 | D:7      | Reached XP level 9. HP: 75/75 MP: 8/8
  6954 | D:7      | Reached skill level 12 in Axes
  7692 | D:8      | Found a staircase to the Lair.
  7693 | D:8      | Noticed a komodo dragon
  7719 | D:8      | Reached skill level 13 in Axes
  7734 | D:8      | Killed a komodo dragon
  7898 | D:8      | Found a flagged portal.
  7906 | Bailey   | Entered a bailey
  7932 | Bailey   | Noticed an orc knight
  8339 | D:8      | Noticed Maurice
  8354 | D:8      | Killed Maurice
  8354 | D:8      | Reached XP level 10. HP: 83/83 MP: 9/9
  8676 | D:8      | Noticed Erica
  8682 | D:8      | Killed Erica
  9255 | D:9      | Found Edyi's Food Shoppe.
  9271 | D:9      | Bought a bread ration for 55 gold pieces
  9271 | D:9      | Bought a royal jelly for 22 gold pieces
  9394 | D:9      | Reached skill level 14 in Axes
  9511 | D:9      | Noticed a two-headed ogre
  9521 | D:9      | Killed a two-headed ogre
  9585 | D:9      | Noticed a two-headed ogre
  9588 | D:9      | Reached skill level 10 in Armour
  9600 | D:9      | Killed a two-headed ogre
 10116 | D:9      | Noticed a two-headed ogre
 10123 | D:9      | Killed a two-headed ogre
 10123 | D:9      | Reached skill level 15 in Axes
 10156 | D:9      | Reached XP level 11. HP: 75/89 MP: 10/10
 10275 | D:9      | Got a translucent war axe
 10281 | D:9      | Identified the cursed +2 war axe of Capital Punishment {drain, *Slow rPois rF+ Stlth+} (You found it on level 9 of the Dungeon)
 10455 | D:10     | Entered Level 10 of the Dungeon
 10520 | D:10     | Reached ***** piety under Trog
 10522 | D:10     | Noticed a centaur warrior
 10522 | D:10     | Noticed a two-headed ogre
 10525 | D:10     | Killed an unseen horror
 10525 | D:10     | Reached skill level 5 in Dodging
 10535 | D:10     | Killed an unseen horror
 10536 | D:10     | Found Mevaytz's Weapon Shop.
 10538 | D:10     | Killed a two-headed ogre
 10541 | D:10     | Killed a centaur warrior
 10542 | D:10     | Killed an unseen horror
 11140 | D:10     | Reached skill level 16 in Axes
 11451 | D:10     | Found a roughly hewn altar of Beogh.
 11451 | D:10     | Found a staircase to the Orcish Mines.
 11725 | D:10     | Noticed Grum
 11730 | D:10     | Killed Grum
 12042 | D:11     | Noticed a two-headed ogre
 12050 | D:11     | Killed a two-headed ogre
 12154 | D:11     | HP: 1/89 [something (8)]
 12155 | D:11     | Reached XP level 12. HP: 2/96 MP: 11/11
 12557 | D:11     | Received a gift from Trog
 13591 | D:11     | Reached skill level 17 in Axes
 13778 | D:11     | Noticed a two-headed ogre
 13784 | D:11     | Killed a two-headed ogre
 14550 | D:12     | Found an ancient bone altar of Kikubaaqudgha.
 14664 | D:12     | Noticed Josephine
 14667 | D:12     | Noticed Erolcha
 14675 | D:12     | Received a gift from Trog
 14681 | D:12     | Killed Josephine
 14698 | D:12     | Killed Erolcha
 14901 | D:12     | Reached skill level 18 in Axes
 15098 | D:12     | Noticed Nessos
 15404 | D:12     | Killed Nessos
 15885 | D:12     | Found a roughly hewn altar of Beogh.
 16366 | D:12     | Reached XP level 13. HP: 102/102 MP: 12/12
 16504 | D:13     | Received a gift from Trog
 16695 | D:13     | Found a portal to a secret trove of treasure.
 17550 | D:13     | Found a gate to the Vaults.
 17555 | D:13     | Reached skill level 10 in Dodging
 18451 | D:13     | Reached skill level 19 in Axes
 18827 | D:14     | Received a gift from Trog
 19075 | D:14     | Identified the Reference Book on Lightness and the Volcanoes
 19313 | D:14     | HP: 5/102 [11-headed hydra (7)]
 19313 | D:14     | Slain by an 11-headed hydra

Skill      XL: |  1  2  3  4  5  6  7  8  9 10 11 12 13 |
---------------+----------------------------------------+-----
Fighting       | 4 6 |  6.0
Axes           | 2 4 7 11 13 15 16 18 19 | 19.2
Armour         | 4 5 7 8 9 10 12 13 14 | 14.1
Dodging        | 4 7 9 10 | 10.5
Maces & Flails | |  3.6
Throwing       | |  0.2

Action                   |  1- 3 |  4- 6 |  7- 9 | 10-12 | 13-15 || total
-------------------------+-------+-------+-------+-------+-------++-------
Melee: Mace              |     6 |       |       |       |       ||     6
       Hand axe          |    90 |    26 |   220 |       |       ||   336
       Headbutt          |    14 |     5 |    59 |   117 |    30 ||   225
       War axe           |       |       |    71 |   191 |       ||   262
       Battleaxe         |       |       |       |   124 |       ||   124
       Executioner's axe |       |       |       |   199 |   143 ||   342
Throw: Tomahawk          |       |       |     2 |       |       ||     2
Invok: Berserk           |     2 |     3 |    15 |    12 |     5 ||    37
       Trog's Hand       |       |     1 |     1 |     1 |       ||     3
       Brothers in Arms  |       |       |     1 |     4 |     4 ||     9
Evoke: Wand              |       |       |     1 |     1 |       ||     2
  Use: Scroll            |     1 |       |     6 |    14 |       ||    21
       Potion            |       |       |       |     2 |       ||     2
 Stab: Distracted        |       |       |       |     2 |       ||     2
  Eat: Chunk             |     5 |     5 |    28 |    32 |    13 ||    83
       Royal jelly       |       |     1 |     1 |     3 |     2 ||     7
       Fruit             |       |       |       |     1 |     1 ||     2
       Bread ration      |       |       |       |       |     1 ||     1
Armor: Animal skin       |     6 |       |       |       |       ||     6
       Chain mail        |    11 |     9 |   139 |   307 |   131 ||   597
       Ring mail         |     9 |       |       |       |       ||     9
Dodge: Dodged            |    63 |    14 |    97 |   320 |   100 ||   594
